[ PARTIDA AOE2 · #475156588 ]
UnrankedChinos vs Vietnamese
Equipo del jugador · VICT
[ ANÁLISIS DE REPETICIÓN · EXTRAÍDO DE LA PARTIDA GRABADA ]
Feudal
11:18
Castillos
15:15
Imperial
30:55
| APM promedio | 43.4 |
| APM pico | 91 |
| eAPM promedio | 23.8 |
| Aldeanos / militares | 146 / 108 |
Foco
⚔️ 36.2% · 🌾 63.8%
Skirmisher ×54 · Fire Lancer ×24 · Archer ×18 · Trebuchet (Packed) ×5 · Chu Ko Nu ×3 · Iron Pagoda ×2
Feudal
9:16
Castillos
17:25
Imperial
33:42
| APM promedio | 34.7 |
| APM pico | 76 |
| eAPM promedio | 23.2 |
| Aldeanos / militares | 140 / 50 |
Foco
⚔️ 29.5% · 🌾 70.5%
Rattan Archer ×32 · Monk ×6 · Militia ×3 · Bombard Cannon ×3 · Skirmisher ×2 · Scout Cavalry ×2
Mapa de la partida
Recursos iniciales + cada clic de construcción. Líneas = muros · curvas = relieve. ◆ oro · ⬟ piedra · ● bayas · ✦ reliquia · ◌ hueco del cierre
Tu base· Abierta — flanco sin cerrar
Base de JoshDomestique· Abierta — flanco sin cerrar
Terreno inicial suavizado · ◌ = hueco del cierre detectado · pasá el cursor para detalles
Inputs por minuto
— SHell | FayLayt - - JoshDomestique
Build order — SHell | FayLayt
Primeras 150 de 398 acciones detectadas
| 0:07 | Investigar | Loom |
| 0:46 | Crear | Villager (Male) |
| 0:46 | Crear | Villager (Male) |
| 1:13 | Crear | Villager (Male) |
| 1:35 | Crear | Villager (Male) |
| 1:54 | Construir | Lumber Camp |
| 1:58 | Crear | Villager (Male) |
| 1:59 | Crear | Villager (Male) |
| 2:27 | Crear | Villager (Male) |
| 2:47 | Crear | Villager (Male) |
| 2:47 | Crear | Villager (Male) |
| 3:05 | Crear | Villager (Male) |
| 3:24 | Construir | House |
| 3:25 | Construir | House |
| 3:58 | Crear | Villager (Male) |
| 4:05 | Construir | Mill |
| 4:21 | Crear | Villager (Male) |
| 4:34 | Crear | Villager (Male) |
| 4:56 | Crear | Villager (Male) |
| 5:19 | Crear | Villager (Male) |
| 5:31 | Construir | Lumber Camp |
| 5:41 | Crear | Villager (Male) |
| 6:05 | Crear | Villager (Male) |
| 6:24 | Crear | Villager (Male) |
| 6:44 | Construir | House |
| 6:47 | Construir | Farm |
| 6:48 | Construir | Farm |
| 7:09 | Construir | Farm |
| 7:19 | Crear | Villager (Male) |
| 7:38 | Construir | Mining Camp |
| 7:44 | Crear | Villager (Male) |
| 8:13 | Crear | Villager (Male) |
| 8:13 | Crear | Villager (Male) |
| 8:25 | Investigar | Feudal Age |
| 8:51 | Crear | Villager (Male) |
| 8:52 | Crear | Villager (Male) |
| 9:55 | Construir | House |
| 11:10 | Construir | House |
| 11:18 | Edad | Edad Feudal |
| 11:21 | Construir | Market |
| 11:27 | Construir | Blacksmith |
| 11:36 | Construir | House |
| 12:10 | Crear | Villager (Male) |
| 12:21 | Investigar | Castle Age |
| 12:21 | Investigar | Castle Age |
| 12:35 | Construir | House |
| 12:48 | Investigar | Double-Bit Axe |
| 13:17 | Investigar | Horse Collar |
| 13:20 | Construir | Farm |
| 13:40 | Construir | Stone Wall |
| 14:09 | Construir | House |
| 14:15 | Construir | Farm |
| 14:16 | Crear | Villager (Male) |
| 14:44 | Construir | House |
| 14:47 | Construir | House |
| 15:15 | Edad | Edad de los Castillos |
| 15:18 | Construir | Town Center |
| 15:23 | Construir | Town Center |
| 15:29 | Investigar | Bow Saw |
| 15:30 | Crear | Villager (Male) |
| 15:42 | Construir | Farm |
| 15:55 | Construir | Farm |
| 16:12 | Construir | Farm |
| 16:13 | Construir | Farm |
| 16:19 | Crear | Villager (Male) |
| 16:19 | Crear | Villager (Male) |
| 16:25 | Construir | Farm |
| 16:33 | Crear | Villager (Male) |
| 16:40 | Crear | Villager (Male) |
| 16:40 | Crear | Villager (Male) |
| 16:42 | Crear | Villager (Male) |
| 16:44 | Construir | Farm |
| 16:46 | Construir | Farm |
| 16:49 | Construir | Farm |
| 16:49 | Crear | Villager (Male) |
| 16:49 | Crear | Villager (Male) |
| 16:52 | Construir | Farm |
| 16:58 | Construir | Farm |
| 17:08 | Crear | Villager (Male) |
| 17:12 | Construir | Farm |
| 17:19 | Crear | Villager (Male) |
| 17:30 | Construir | Farm |
| 17:36 | Crear | Villager (Male) |
| 17:47 | Crear | Villager (Male) |
| 17:47 | Crear | Villager (Male) |
| 17:56 | Construir | Siege Workshop |
| 18:05 | Crear | Villager (Male) |
| 18:10 | Construir | Palisade Gate |
| 18:10 | Crear | Villager (Male) |
| 18:14 | Construir | Farm |
| 18:15 | Crear | Villager (Male) |
| 18:21 | Construir | Farm |
| 18:30 | Crear | Villager (Male) |
| 18:30 | Crear | Villager (Male) |
| 18:45 | Investigar | Wheelbarrow |
| 18:46 | Investigar | Wheelbarrow |
| 18:50 | Construir | Barracks |
| 18:52 | Crear | Villager (Male) |
| 18:52 | Crear | Villager (Male) |
| 19:01 | Crear | Villager (Male) |
| 19:01 | Crear | Villager (Male) |
| 19:12 | Crear | Villager (Male) |
| 19:24 | Crear | Villager (Male) |
| 19:25 | Crear | Villager (Male) |
| 19:27 | Construir | Farm |
| 19:27 | Construir | Farm |
| 19:27 | Construir | Farm |
| 19:31 | Crear | Villager (Male) |
| 19:31 | Crear | Villager (Male) |
| 19:36 | Construir | Barracks |
| 19:40 | Crear | Villager (Male) |
| 19:40 | Crear | Villager (Male) |
| 19:46 | Construir | Farm |
| 19:51 | Crear | Fire Lancer |
| 19:52 | Crear | Villager (Male) |
| 19:52 | Crear | Villager (Male) |
| 20:04 | Crear | Villager (Male) |
| 20:04 | Crear | Villager (Male) |
| 20:13 | Construir | Farm |
| 20:14 | Crear | Villager (Male) |
| 20:14 | Crear | Villager (Male) |
| 20:16 | Crear | Villager (Male) |
| 20:19 | Crear | Unit 1105 |
| 20:24 | Crear | Fire Lancer |
| 20:24 | Crear | Fire Lancer |
| 20:29 | Crear | Villager (Male) |
| 20:30 | Crear | Villager (Male) |
| 20:42 | Crear | Fire Lancer |
| 20:42 | Crear | Fire Lancer |
| 20:45 | Crear | Villager (Male) |
| 20:45 | Crear | Villager (Male) |
| 20:50 | Construir | Farm |
| 20:50 | Crear | Villager (Male) |
| 20:50 | Crear | Villager (Male) |
| 20:51 | Crear | Villager (Male) |
| 20:58 | Investigar | Gold Mining |
| 20:58 | Investigar | Gold Mining |
| 21:05 | Crear | Fire Lancer |
| 21:09 | Crear | Villager (Male) |
| 21:25 | Crear | Unit 1105 |
| 21:37 | Crear | Villager (Male) |
| 21:37 | Crear | Villager (Male) |
| 21:37 | Crear | Villager (Male) |
| 21:37 | Crear | Villager (Male) |
| 21:48 | Crear | Villager (Male) |
| 21:52 | Construir | Farm |
| 21:52 | Construir | Farm |
| 21:53 | Construir | Farm |
| 21:58 | Investigar | Scale Mail Armor |
| 22:04 | Crear | Battering Ram |
Build order — JoshDomestique
Primeras 150 de 341 acciones detectadas
| 0:00 | Crear | Villager (Male) |
| 0:00 | Crear | Villager (Male) |
| 0:02 | Construir | House |
| 0:03 | Construir | House |
| 0:04 | Crear | Villager (Male) |
| 0:04 | Crear | Villager (Male) |
| 1:39 | Crear | Villager (Male) |
| 1:39 | Crear | Villager (Male) |
| 2:21 | Crear | Villager (Male) |
| 2:25 | Construir | Lumber Camp |
| 2:47 | Crear | Villager (Male) |
| 2:57 | Crear | Villager (Male) |
| 3:24 | Construir | House |
| 3:30 | Crear | Villager (Male) |
| 3:31 | Crear | Villager (Male) |
| 3:50 | Construir | Mill |
| 4:15 | Crear | Villager (Male) |
| 4:37 | Crear | Villager (Male) |
| 4:39 | Crear | Villager (Male) |
| 5:32 | Construir | House |
| 5:39 | Crear | Villager (Male) |
| 5:42 | Crear | Villager (Male) |
| 5:42 | Crear | Villager (Male) |
| 6:56 | Crear | Villager (Male) |
| 7:06 | Investigar | Feudal Age |
| 7:08 | Construir | Mining Camp |
| 7:37 | Construir | Barracks |
| 7:51 | Construir | Barracks |
| 7:56 | Crear | Villager (Male) |
| 7:56 | Crear | Villager (Male) |
| 8:25 | Construir | House |
| 8:42 | Crear | Militia |
| 8:43 | Crear | Militia |
| 8:57 | Construir | House |
| 9:16 | Edad | Edad Feudal |
| 9:19 | Investigar | Man-at-Arms (upgrade) |
| 9:28 | Investigar | Double-Bit Axe |
| 9:42 | Construir | House |
| 9:49 | Crear | Militia |
| 10:03 | Construir | Market |
| 10:06 | Crear | Villager (Male) |
| 10:20 | Crear | Villager (Male) |
| 10:33 | Crear | Villager (Male) |
| 11:07 | Crear | Villager (Male) |
| 11:18 | Construir | House |
| 11:19 | Crear | Villager (Male) |
| 11:36 | Construir | Farm |
| 11:37 | Construir | Farm |
| 11:43 | Crear | Villager (Male) |
| 11:52 | Crear | Villager (Male) |
| 11:55 | Construir | Farm |
| 12:07 | Construir | Farm |
| 12:23 | Crear | Villager (Male) |
| 13:04 | Crear | Villager (Male) |
| 13:07 | Construir | Farm |
| 13:50 | Crear | Villager (Male) |
| 14:09 | Crear | Villager (Male) |
| 14:20 | Crear | Villager (Male) |
| 14:20 | Crear | Villager (Male) |
| 14:22 | Construir | Blacksmith |
| 14:43 | Investigar | Castle Age |
| 15:14 | Investigar | Horse Collar |
| 15:17 | Construir | Farm |
| 15:17 | Construir | Farm |
| 15:17 | Construir | Farm |
| 15:18 | Construir | Farm |
| 15:18 | Construir | Farm |
| 15:50 | Construir | Stable |
| 16:12 | Investigar | Gold Mining |
| 16:45 | Crear | Villager (Male) |
| 16:50 | Construir | House |
| 17:23 | Construir | House |
| 17:25 | Crear | Scout Cavalry |
| 17:25 | Edad | Edad de los Castillos |
| 17:25 | Crear | Scout Cavalry |
| 17:27 | Construir | Town Center |
| 17:47 | Crear | Villager (Male) |
| 17:54 | Construir | Farm |
| 17:56 | Construir | Farm |
| 18:11 | Investigar | Loom |
| 18:24 | Crear | Villager (Male) |
| 18:25 | Construir | Farm |
| 18:26 | Crear | Villager (Male) |
| 18:36 | Crear | Villager (Male) |
| 18:42 | Construir | Monastery |
| 18:44 | Crear | Villager (Male) |
| 18:51 | Construir | Town Center |
| 19:00 | Crear | Villager (Male) |
| 19:00 | Crear | Villager (Male) |
| 19:09 | Investigar | Bow Saw |
| 19:11 | Crear | Villager (Male) |
| 19:25 | Crear | Villager (Male) |
| 19:30 | Crear | Villager (Male) |
| 19:36 | Construir | Farm |
| 19:36 | Crear | Monk |
| 19:37 | Crear | Monk |
| 19:51 | Crear | Villager (Male) |
| 20:05 | Crear | Villager (Male) |
| 20:07 | Construir | Farm |
| 20:07 | Construir | Farm |
| 20:13 | Crear | Villager (Male) |
| 20:15 | Investigar | Heavy Plow |
| 20:29 | Crear | Villager (Male) |
| 20:30 | Crear | Villager (Male) |
| 20:35 | Construir | Farm |
| 20:36 | Crear | Villager (Male) |
| 20:39 | Construir | Lumber Camp |
| 20:43 | Construir | Farm |
| 20:43 | Construir | Farm |
| 20:43 | Construir | Farm |
| 20:44 | Construir | Farm |
| 20:49 | Crear | Monk |
| 20:57 | Crear | Monk |
| 21:08 | Crear | Villager (Male) |
| 21:08 | Crear | Villager (Male) |
| 21:12 | Crear | Villager (Male) |
| 21:17 | Construir | Farm |
| 21:25 | Construir | Farm |
| 21:27 | Crear | Villager (Male) |
| 21:31 | Crear | Villager (Male) |
| 21:42 | Crear | Villager (Male) |
| 21:44 | Construir | Farm |
| 21:45 | Construir | Farm |
| 21:45 | Construir | Farm |
| 21:45 | Construir | Farm |
| 21:53 | Crear | Villager (Male) |
| 22:06 | Construir | Farm |
| 22:07 | Crear | Villager (Male) |
| 22:08 | Crear | Villager (Male) |
| 22:15 | Crear | Villager (Male) |
| 22:18 | Crear | Villager (Male) |
| 22:26 | Construir | House |
| 22:29 | Investigar | Town Watch |
| 22:36 | Investigar | Wheelbarrow |
| 22:44 | Construir | House |
| 22:46 | Construir | House |
| 22:47 | Construir | House |
| 22:48 | Construir | House |
| 22:49 | Construir | House |
| 22:51 | Crear | Villager (Male) |
| 22:57 | Crear | Villager (Male) |
| 23:02 | Crear | Villager (Male) |
| 23:03 | Crear | Villager (Male) |
| 23:13 | Crear | Villager (Male) |
| 23:19 | Crear | Villager (Male) |
| 23:30 | Crear | Monk |
| 23:33 | Crear | Monk |
| 23:33 | Crear | Villager (Male) |
| 23:39 | Crear | Villager (Male) |
| 23:46 | Construir | Stone Wall |
Cronología de la partida
| 7:37 | JoshDomestique · first_building Barracks |
| 9:16 | JoshDomestique · age_up feudal |
| 11:18 | SHell | FayLayt · age_up feudal |
| 11:50 | JoshDomestique · first_market_buy 100 food |
| 12:35 | JoshDomestique · first_market_sell 100 wood |
| 13:40 | SHell | FayLayt · wall_segment Stone Wall x1 |
| 14:56 | SHell | FayLayt · first_market_buy 100 stone |
| 15:15 | SHell | FayLayt · age_up castle |
| 15:50 | JoshDomestique · first_building Stable |
| 17:25 | JoshDomestique · age_up castle |
| 17:56 | SHell | FayLayt · first_building Siege Workshop |
| 18:42 | JoshDomestique · first_building Monastery |
| 18:50 | SHell | FayLayt · first_building Barracks |
| 21:24 | SHell | FayLayt · first_market_sell 100 food |
| 23:46 | JoshDomestique · wall_segment Stone Wall x5 |
| 23:48 | JoshDomestique · wall_segment Stone Wall x4 |
| 24:00 | SHell | FayLayt · first_building Castle |
| 24:13 | JoshDomestique · first_building Castle |
| 24:22 | JoshDomestique · first_building Archery Range |
| 28:07 | SHell | FayLayt · first_building Archery Range |
| 29:01 | JoshDomestique · first_building Siege Workshop |
| 30:55 | SHell | FayLayt · age_up imperial |
| 33:42 | JoshDomestique · age_up imperial |
| 38:13 | JoshDomestique · resign |
[ ANÁLISIS IA · 1 CRÉDITO ]
¿Qué pasó realmente en esta partida?
Wolo.gg analiza cada decisión: build order, eco, micro, errores típicos por bracket. Análisis personalizado por WhatsApp o Discord en 30 segundos.
Guía civ
Chinos
Perfil
Jugador #3921962